[Event "FIDE World School-ch O-11 2025"]
[Site "Vrnjacka Banja"]
[Date "2025.03.22"]
[Round "4.4"]
[White "Larion, Iustin"]
[Black "Bai, Moxuan"]
[Result "1-0"]
[Annotator "TA"]
[ECO "B20"]
[WhiteElo "1919"]
[BlackElo "1726"]
[PlyCount "77"]
[EventDate "2025.03.19"]
[EventType "swiss"]
[EventCountry "SRB"]
[SourceTitle "playchess.com"]
[Source "ChessBase"]
[SourceQuality "1"]
[TimeControl "5400+30"]

1. e4 c5 2. b3 Nc6 3. Bb2 d6 4. Bb5 e5 5. Ne2 Nf6 6. Bxc6+ {[%emt 0:00:00] B20: Sicilian: Unusual White 2nd moves.} bxc6 7. d3 Qc7 8. f4 $146 {[%emt 0:00:00] The position is equal.} (8. O-O d5 9. Nd2 Bd6 10. h3 Be6 11. Kh1 Qd7 12. Kh2 g5 13. Nf3 g4 14. Nxe5 {0-1 Garcia Nunez,H (1007)-Regadera Tellez,P (1279) ESP-ch U10 Salobrena 2023 (6)}) 8... exf4 9. Nxf4 d5 10. O-O d4 11. h3 Bd6 12. Nh5 Nxh5 13. Qxh5 O-O 14. Nd2 Be6 15. a4 g6 16. Qe2 {[%emt 0:00:00] A sharp opening} Rfe8 17. Nc4 (17. Ba3 $11) 17... Bxc4 $15 18. bxc4 {[%emt 0:00:00] [#]} f5 $1 {[%emt 0:00:00] Inhibits Qg4.} 19. Rae1 (19. Bc1 Re6) 19... Bh2+ 20. Kh1 Bg3 21. Rd1 fxe4 22. dxe4 Re6 23. Ba3 {[%emt 0:00:00] [#]} (23. c3 $11 {keeps the balance.}) 23... Bd6 $1 $17 24. Bc1 Rae8 25. Bh6 Be5 (25... Rxe4 $17 26. Qf3 Re2) 26. Qg4 $11 {[%emt 0:00:00][%cal Og4e6] White wants to mate with Qxe6+!.} Bg7 (26... Qe7 {is more complex.} 27. Rde1 Bg7 28. Bxg7 h5) 27. Bxg7 Qxg7 28. Rf4 Qe7 29. Re1 Qd8 30. Ref1 Qd6 31. Qf3 a6 32. a5 h6 ({Black should try} 32... h5 $14) 33. h4 ({Better is} 33. e5 Rxe5 34. Rf6) 33... Qe7 (33... h5 $142) 34. h5 $16 Qd6 35. Kg1 {[%emt 0:01:02] Strongly threatening Rf7.} Re5 $2 {[%emt 0:01:00][%mdl 8192] This costs Black the game.} (35... Kh8 $16 36. Rf7 gxh5) 36. Rf7 $2 (36. Rf6 R5e6 37. e5 (37. hxg6 Rxf6 38. Qxf6 Qxf6 $16) 37... Rxf6 38. exf6 (38. exd6 Rxf3 39. Rxf3 gxh5 $14)) 36... R8e7 $2 (36... Rxe4 $2 37. Rg7+ Kxg7 38. Qf7+ Kh8 39. hxg6 $18 (39. Qxg6 $2 {perishes.} Qxg6 40. hxg6 Re1 $19)) (36... g5 $18 37. Rf6 R5e6 38. Rxh6 Qe7 39. Rxe6 Qxe6) 37. Rf8+ {[%emt 0:00:12] White mates.} Kg7 {[%emt 0:00:04] [#]} 38. Qf7+ $3 Rxf7 39. R1xf7# {[%emt 0:00:09] Weighted Error Value: White=0.31/Black=0.47  Loses game:     	---       	Black=1      Mistake:       	White=4     	Black=4      Inaccurate:     	White=3     	Black=5      OK:         	White=13    	Black=10     Best:        	White=1     	Black=1      Strong:       	---       	Black=1} 1-0

[Event "FIDE World School-ch O-11 2025"]
[Site "Vrnjacka Banja"]
[Date "2025.03.22"]
[Round "4.5"]
[White "Munkhbadral, Erdene-ochir"]
[Black "Lishoy Gengis Paratazham, Dildarav"]
[Result "0-1"]
[Annotator "NA RC"]
[ECO "E08"]
[WhiteElo "1401"]
[BlackElo "2071"]
[PlyCount "60"]
[EventDate "2025.03.19"]
[EventType "swiss"]
[EventCountry "SRB"]
[SourceTitle "playchess.com"]
[Source "ChessBase"]
[SourceQuality "1"]
[TimeControl "5400+30"]

1. d4 Nf6 2. c4 e6 3. Nf3 Bb4+ 4. Bd2 Be7 5. g3 d5 6. Bg2 O-O 7. O-O c6 8. Qc2 Nbd7 9. Bf4 Ne4 10. Ne5 Nxe5 11. Bxe5 g5 12. f3 Nd6 13. Bxd6 Qxd6 14. c5 Qc7 15. Nc3 Bf6 16. e3 e5 17. Rad1 Be6 18. f4 exd4 19. exd4 Rae8 20. f5 Bd7 21. Qd3 Kg7 22. Rde1 Qc8 23. g4 Rxe1 24. Rxe1 h5 25. Bh3 Qc7 26. Rf1 Rh8 27. Qd2 hxg4 28. Bxg4 Rh4 29. h3 Qg3+ 30. Kh1 Qxg4 0-1

[Event "FIDE World School-ch O-11 2025"]
[Site "Vrnjacka Banja"]
[Date "2025.03.22"]
[Round "4.6"]
[White "Gatin, Artur"]
[Black "Tulegen, Ramazan"]
[Result "0-1"]
[Annotator "TA"]
[ECO "A03"]
[WhiteElo "1722"]
[BlackElo "1973"]
[PlyCount "192"]
[EventDate "2025.03.19"]
[EventType "swiss"]
[EventCountry "SRB"]
[SourceTitle "playchess.com"]
[Source "ChessBase"]
[SourceQuality "1"]
[TimeControl "5400+30"]

1. f4 d5 2. Nf3 c5 3. g3 g6 4. Bg2 Bg7 5. O-O Nc6 6. d3 Nf6 7. Nc3 d4 8. Ne4 Nxe4 {[%emt 0:00:38] A03: Bird's Opening with 1...d5.} 9. dxe4 e5 10. e3 O-O {[%emt 0:01:14] The position is equal.} 11. exd4 exd4 12. Re1 $146 (12. a3 a5 13. e5 Be6 14. Nd2 Bd5 15. Bxd5 Qxd5 16. Qf3 Ne7 17. Qxd5 Nxd5 18. Ne4 {½-½ Lesnykh,Z (1616)-Gulko,O (1883) Voronezh op-B 22nd 2018 (5)}) 12... h6 13. Rb1 Be6 14. b3 Qc7 15. Ba3 b6 16. Qd3 Qd7 17. Rbd1 Rad8 18. Rd2 Bg4 19. e5 Bf5 20. Qc4 Be6 21. Qa4 Bd5 22. Red1 Qb7 23. Qb5 Ne7 24. Ne1 Bxg2 25. Nxg2 a6 26. Qc4 Rd5 27. Qe2 Rfd8 28. Qe4 Qc6 29. Nh4 Qe6 30. Qe2 b5 31. Nf3 (31. Re1 $11) 31... Nf5 $17 32. Re1 Ne3 {[%emt 0:02:45] [#] Black is more active.} (32... Bf8 $17 33. Qe4 R5d7) 33. Bxc5 $1 $11 Rxc5 (33... Nxc2 34. Red1) 34. Nxd4 {[%emt 0:00:00] [#]} (34. Rxd4 $14 Nd5 (34... Nxc2 $2 35. Rxd8+ Bf8 36. Red1 $18) 35. c4) 34... Rxd4 $1 $15 35. Rxd4 Nxc2 (35... Rxc2 36. Qxe3 Bf8 37. Kh1 Rxa2 38. Red1 $11) 36. Rd6 Qh3 (36... Qe7 $11 37. Red1 Rc3) 37. Red1 (37. e6 $1 $16 {[%cal Re6f7] exf7+ would kill now.} fxe6 (37... Bd4+ 38. Rxd4 Nxd4 39. exf7+ Kh7 40. Qe4 $18) 38. Qxe6+ Qxe6 39. Rexe6) 37... Na3 $2 (37... Kh7 $11 {and Black stays safe.}) 38. Qe3 $2 (38. Rxa6 Rc2 39. Rd2 Qc8 (39... Rc1+ 40. Rd1 $11) 40. Rxc2 (40. Rxa3 $2 Rxd2 41. Qxd2 Qc5+ 42. Kg2 Qxa3 $19) 40... Nxc2 41. Qxb5 Qc3 $11) (38. Rd8+ Kh7 $11) ({White must play} 38. e6 $1 $18 fxe6 39. g4 (39. Qxe6+ Qxe6 40. Rxe6 Rc7 $18) (39. Rxa6 b4 $18) (39. Rxe6 Rc2 $11)) 38... Rc2 $11 39. R6d2 {[%emt 0:00:00] Dodges Qg2+} Bf8 40. Rxc2 Nxc2 41. Qc3 Na3 (41... Qf5 $11) 42. Rd8 $36 {[%emt 0:00:00][%mdl 2048] White is on the roll.} Qg4 43. Qb4 (43. Qc8 {simplifies} Qxc8 44. Rxc8 Kg7 45. Kf2) 43... Qd1+ 44. Rxd1 Bxb4 45. Rd8+ Kg7 46. Ra8 {[%emt 0:00:00][%mdl 1024] White has compensation.} a5 47. Kg2 Nc2 (47... Nb1 $11 {keeps the balance.}) 48. Kf3 $1 Nd4+ 49. Ke4 (49. Ke3 $1 $16 Ne6 50. Ke4) 49... Ne2 $11 50. Ra7 {[%emt 0:00:00] Strongly threatening e6.} Kf8 (50... Nc3+ $11 51. Kd3 Nxa2) 51. f5 Nc3+ 52. Kf4 Nd5+ 53. Ke4 Nc3+ 54. Kf3 (54. Kd4 $14 Ne2+ (54... gxf5 $2 55. Ra8+ Ke7 56. a3 $18) (54... Nxa2 55. f6 $14) 55. Kd3 Nc1+ 56. Ke4 gxf5+ 57. Kxf5) 54... gxf5 55. Kf4 Nxa2 56. Kxf5 Nc3 57. Kg4 {[%emt 0:00:00] [#]} (57. Rc7 $11) 57... Ne4 (57... a4 $1 $17 58. bxa4 bxa4 59. Ra8+ Kg7) 58. Kh5 $2 {[%emt 0:00:00] [#]} ({White should play} 58. Rb7 $15) 58... Nc5 ({Black should try} 58... Bd2 $1 $19 {Threatens to win with ...Nc5.} 59. Rb7 b4) 59. Kxh6 (59. Ra8+ $17 {was forced.} Ke7 60. Rb8) 59... Nxb3 $19 60. Ra8+ $2 (60. g4 {is a better chance.}) 60... Ke7 61. h4 a4 62. h5 (62. Kg5 $142 Ke6 63. Re8+ Be7+ 64. Kg4) 62... a3 63. Kg5 Ba5 64. h6 a2 65. h7 a1=Q {[%emt 0:00:11] ( -> ...Bd2+)} (65... a1=B $2 {too greedy.} 66. h8=Q Ke6 67. Qe8+ Kd5 68. Qxb5+ (68. Qxf7+ Kxe5 69. Qxb3 B1c3 $18) 68... Ke4 69. Qxb3 $18) 66. h8=Q Bd2+ 67. Kh4 Qh1+ 68. Kg4 Qe4+ 69. Kh3 Qh1+ 70. Kg4 Qxh8 71. Rxh8 Nd4 72. Rh2 Be3 73. Rb2 Ke6 74. Rb1 Kxe5 75. Rf1 f6 76. Rb1 Ke4 77. Kh3 Kd3 78. Rf1 Bg5 {[%emt 0:00:12] ( -> ...b4)} 79. Rb1 Kc2 (79... Kc4 $142 80. Kg4 b4) 80. Rb4 Kc3 {[%emt 0:00:05] Black mates.} 81. Rb1 b4 82. Kg4 b3 83. Rxb3+ Kxb3 84. Kh5 Kc4 85. g4 Kd5 86. Kg6 Ke4 87. Kh5 Kf4 88. Kg6 Kxg4 89. Kf7 f5 90. Kg6 f4 91. Kh7 f3 92. Kg6 f2 93. Kh7 f1=Q 94. Kg6 Ne6 95. Kh7 Qf7+ 96. Kh8 Bf6# {[%emt 0:08:58] Never resign too early!   Weighted Error Value: White=0.46/Black=0.37  Loses game:     	White=2     	Black=1      Missed win:     	White=1     	---        Mistake:       	White=9     	Black=7      Inaccurate:     	White=6     	Black=5      OK:         	White=14    	Black=18     Best:        	White=3     	Black=8      Strong:       	White=1     	---        Brilliant:      	White=1     	Black=1} 0-1

[Event "FIDE World School-ch O-11 2025"]
[Site "Vrnjacka Banja"]
[Date "2025.03.24"]
[Round "5.1"]
[White "Ivanovic, Leonid"]
[Black "Uzdemir, Ali Poyraz"]
[Result "1-0"]
[Annotator "TA"]
[ECO "B57"]
[WhiteElo "2015"]
[BlackElo "2184"]
[PlyCount "93"]
[EventDate "2025.03.19"]
[EventType "swiss"]
[EventCountry "SRB"]
[SourceTitle "playchess.com"]
[Source "ChessBase"]
[SourceQuality "1"]
[TimeControl "5400+30"]

1. e4 c5 2. Nf3 d6 3. d4 cxd4 4. Nxd4 Nf6 5. Nc3 Nc6 6. Bc4 Qb6 7. Nb3 a6 8. Be3 {[%emt 0:08:36] B57: Classical Sicilian: Sozin with 6...Qb6.} Qc7 9. Be2 e6 {[%emt 0:04:48] Wards off Nd5} 10. g4 {[%emt 0:07:41][%cal Bg2g4,Bg4g5][%mdl 32] The position is equal.} b5 11. a3 Bb7 12. g5 Nd7 13. f4 Nc5 $146 (13... Na5 14. Nxa5 Qxa5 15. Qd4 Rc8 16. O-O e5 17. Qd2 Be7 18. Bg4 Qc7 19. fxe5 Nxe5 20. Bxc8 Qxc8 {0-1 Ehlvest,J (2521)-Adhiban,B (2689) PRO League Stage rapid 2019 (1)}) 14. Bf3 b4 ({Black should try} 14... g6 $11) 15. axb4 $1 $14 Nxb3 16. cxb3 d5 (16... Be7 $14) 17. exd5 $18 Nxb4 {[%emt 0:00:47] [#]} 18. Rc1 $1 Qd7 {[%emt 0:06:39] [#] Dodges Nb5} (18... Rc8 $16) 19. O-O $1 Rd8 $2 (19... Rc8 20. dxe6 Qxd1 21. Bxd1 (21. Rcxd1 Bxf3 22. exf7+ Kxf7 $18) 21... fxe6) 20. Bb6 Rb8 21. dxe6 (21. Qd4 $142) 21... Qxd1 22. exf7+ Kxf7 23. Bxd1 Bd6 (23... Bc6 $16) 24. Be2 Bc8 25. Bd4 Bf5 {[%emt 0:01:12] Repels Ne4} 26. Bh5+ Ke6 $2 (26... Bg6 {was called for.}) 27. Rfe1+ Kd7 28. Rcd1 {[%emt 0:00:20] Prevents Nd3.} (28. Bxg7 Nd3 29. Bxh8 Rxh8 $16) 28... Nd3 29. Re3 Nxb2 30. Rd2 Rxb3 31. Bf7 {[%emt 0:00:24] Prevents Nc4.} Ra3 32. Be5 Nd3 33. Rexd3 Bxd3 34. Rxd3 Ra1+ 35. Kg2 Ke7 {[%emt 0:00:54] and ...Bxe5 would now be decisive} 36. Nd5+ Kxf7 37. Bxa1 Rb8 38. Kf3 a5 39. Be5 Bxe5 40. fxe5 {[%emt 0:00:01][%mdl 4096] Endgame and Nc7 would now be decisive. KRN-KR} a4 41. Ke4 Rb2 42. Nf4 Rxh2 43. Rd7+ Kf8 44. Kf5 Rb2 45. Ra7 {[%emt 0:00:21][%cal Og5g6] Intending g6! and mate.} Rb4 46. Ra8+ Kf7 47. e6+ {[%emt 0:00:04] Weighted Error Value: White=0.18 (very precise) /Black=0.73  Mistake:       	White=1     	Black=6      Inaccurate:     	---       	Black=1      OK:         	White=11    	Black=11     Best:        	---       	Black=1      Strong:       	White=3     	---} (47. g6+ $142 hxg6+ 48. Nxg6 Rf4+ 49. Nxf4 Ke7 50. Ra7+ (50. Rxa4 g6+ 51. Nxg6+ Kd8 52. e6 Kc8 53. e7 Kc7 54. e8=Q Kb6 55. Qb8+ Kc5 56. Ke6 Kc6 57. Rc4#) 50... Kd8 51. e6 (51. Rxa4 g6+ 52. Kxg6 Kc7 53. e6 Kd6 54. e7 Kd7 55. Kf6 Kd6 56. e8=Q Kc7 57. Ne6+ Kb6 58. Rb4+ Ka7 59. Qa4#) 51... Kc8 52. e7 (52. Rxa4 Kc7 53. e7 Kd7 54. Ng6 Kd6 55. e8=Q Kc5 56. Qb8 Kc6 57. Ne7+ Kd7 58. Ra7#) 52... Kb8 53. Rd7 (53. e8=Q+ Kxa7 54. Nd5 Kb7 55. Qd7+ Ka6 56. Qc6+ Ka7 57. Qc7+ Ka8 58. Nb6#) 53... g6+ 54. Ke6 g5 55. e8=Q#) 1-0

[Event "FIDE World School-ch O-11 2025"]
[Site "Vrnjacka Banja"]
[Date "2025.03.24"]
[Round "5.2"]
[White "Zhauynbay, Alimzhan"]
[Black "Larion, Iustin"]
[Result "1/2-1/2"]
[Annotator "NA RC"]
[ECO "B12"]
[WhiteElo "1927"]
[BlackElo "1919"]
[PlyCount "51"]
[EventDate "2025.03.19"]
[EventType "swiss"]
[EventCountry "SRB"]
[SourceTitle "playchess.com"]
[Source "ChessBase"]
[SourceQuality "1"]
[TimeControl "5400+30"]

1. e4 c6 2. d4 d5 3. e5 c5 4. dxc5 e6 5. a3 Bxc5 6. b4 Be7 7. Nf3 a5 8. b5 Nd7 9. c4 dxc4 10. Nbd2 Nb6 11. Bxc4 Nh6 12. O-O Nf5 13. Bb2 O-O 14. a4 Bd7 15. Bb3 Bb4 16. Ne4 Rc8 17. Rc1 Rxc1 18. Qxc1 Nd5 19. Bxd5 exd5 20. Nc5 Bc8 21. Rd1 Qc7 22. Nd3 Qc4 23. Nxb4 axb4 24. Qd2 Be6 25. Rc1 Qb3 26. Qc2 1/2-1/2

[Event "FIDE World School-ch O-11 2025"]
[Site "Vrnjacka Banja"]
[Date "2025.03.24"]
[Round "5.3"]
[White "Lishoy Gengis Paratazham, Dildarav"]
[Black "Kiringoda, Thehas Rithmitha"]
[Result "1/2-1/2"]
[Annotator "NA RC"]
[ECO "B12"]
[WhiteElo "2071"]
[BlackElo "1868"]
[PlyCount "63"]
[EventDate "2025.03.19"]
[EventType "swiss"]
[EventCountry "SRB"]
[SourceTitle "playchess.com"]
[Source "ChessBase"]
[SourceQuality "1"]
[TimeControl "5400+30"]

1. e4 c6 2. d4 d5 3. e5 Bf5 4. Nf3 e6 5. Be2 Nd7 6. O-O Ne7 7. c3 c5 8. dxc5 Nc6 9. Nd4 Bxb1 10. Rxb1 Bxc5 11. f4 O-O 12. Kh1 Qe7 13. a3 Rad8 14. Bg4 Bb6 15. b4 Rfe8 16. Qd3 Nf8 17. Nb5 Ng6 18. Bh5 Rf8 19. Bxg6 hxg6 20. Bd2 a6 21. Nd4 Rc8 22. b5 Nxd4 23. cxd4 a5 24. Rbc1 Qd7 25. a4 Rc4 26. Rxc4 dxc4 27. Qxc4 Rc8 28. Qd3 Qxd4 29. Qxd4 Bxd4 30. Bxa5 Rc4 31. Rb1 Rxa4 32. Bc7 1/2-1/2

[Event "FIDE World School-ch O-11 2025"]
[Site "Vrnjacka Banja"]
[Date "2025.03.24"]
[Round "5.4"]
[White "Adamovic, Nikola"]
[Black "Zabelin, Platon"]
[Result "0-1"]
[Annotator "NA RC"]
[ECO "B12"]
[WhiteElo "1996"]
[BlackElo "1831"]
[PlyCount "146"]
[EventDate "2025.03.19"]
[EventType "swiss"]
[EventCountry "SRB"]
[SourceTitle "playchess.com"]
[Source "ChessBase"]
[SourceQuality "1"]
[TimeControl "5400+30"]

1. e4 c6 2. d4 d5 3. e5 Bf5 4. h4 h5 5. c4 e6 6. Nc3 Ne7 7. Nge2 Nd7 8. cxd5 cxd5 9. Ng3 Bg6 10. Bd3 Bxd3 11. Qxd3 Nc6 12. Bg5 Be7 13. f4 Bxg5 14. hxg5 g6 15. Nb5 Qa5+ 16. Kf2 Qb6 17. Nd6+ Ke7 18. Ne2 Ncxe5 19. Nf5+ gxf5 20. fxe5 Nxe5 21. Qa3+ Kd7 22. Qa4+ Qc6 23. Qb3 Ng4+ 24. Kf3 Qb6 25. Qa4+ Ke7 26. Qa3+ Qd6 27. Qb3 b6 28. Nf4 Rac8 29. g6 Nf6 30. Qa4 a5 31. Rac1 Qb4 32. Qxb4+ axb4 33. g7 Rhg8 34. Rxc8 Rxc8 35. Nxh5 Nxh5 36. Rxh5 Rg8 37. Rh8 Rxg7 38. Rb8 Rg4 39. Rxb6 Rxd4 40. Ke3 Re4+ 41. Kd3 Rg4 42. Ke3 Kf6 43. Rb7 Ke5 44. Rb6 Re4+ 45. Kf3 Rc4 46. Ke3 f4+ 47. Kf3 Kf5 48. Rb5 f6 49. g3 fxg3 50. Kxg3 Rd4 51. Kf3 Ke5 52. Rb8 Rh4 53. Kg3 Re4 54. Kf3 Rc4 55. Rb6 Kf5 56. Rb5 e5 57. Ke3 Rd4 58. Rb6 Rh4 59. Kf3 b3 60. axb3 Rh2 61. Ke3 Rxb2 62. b4 Rb3+ 63. Kd2 d4 64. Kc2 Rc3+ 65. Kd2 Rh3 66. Ra6 Ke4 67. Rxf6 Rh2+ 68. Kc1 Ke3 69. Ra6 d3 70. b5 Rh1+ 71. Kb2 d2 72. Rd6 d1=Q 73. Rxd1 Rxd1 0-1

[Event "FIDE World School-ch O-11 2025"]
[Site "Vrnjacka Banja"]
[Date "2025.03.24"]
[Round "5.5"]
[White "Tulegen, Ramazan"]
[Black "Colovic, Vuk"]
[Result "1-0"]
[Annotator "NA RC"]
[ECO "B81"]
[WhiteElo "1973"]
[BlackElo "1738"]
[PlyCount "53"]
[EventDate "2025.03.19"]
[EventType "swiss"]
[EventCountry "SRB"]
[SourceTitle "playchess.com"]
[Source "ChessBase"]
[SourceQuality "1"]
[TimeControl "5400+30"]

1. e4 c5 2. Nf3 e6 3. d4 cxd4 4. Nxd4 Nc6 5. Nc3 d6 6. g4 Be7 7. Be3 a6 8. Rg1 Nf6 9. g5 Nd7 10. Qd2 Nde5 11. Be2 Nxd4 12. Bxd4 O-O 13. f4 Nc6 14. Be3 b5 15. Bf3 Bb7 16. O-O-O Rc8 17. Kb1 Qa5 18. Bh1 Rc7 19. Qf2 Qb4 20. Bb6 Na5 21. a3 Qc4 22. Bxa5 Rcc8 23. Qd4 Qc6 24. f5 e5 25. Qd3 g6 26. Nd5 Bd8 27. Bxd8 1-0

[Event "FIDE World School-ch O-11 2025"]
[Site "Vrnjacka Banja"]
[Date "2025.03.24"]
[Round "5.6"]
[White "Patlolla Indra Reddy"]
[Black "Jumanazarov, Ibrohim"]
[Result "0-1"]
[Annotator "NA RC"]
[ECO "B13"]
[WhiteElo "1547"]
[BlackElo "1869"]
[PlyCount "110"]
[EventDate "2025.03.19"]
[EventType "swiss"]
[EventCountry "SRB"]
[SourceTitle "playchess.com"]
[Source "ChessBase"]
[SourceQuality "1"]
[TimeControl "5400+30"]

1. e4 c6 2. d4 d5 3. exd5 cxd5 4. Bd3 Nc6 5. c3 Nf6 6. Bf4 g6 7. Nf3 Bg7 8. O-O O-O 9. Nbd2 Bd7 10. Nb3 Nh5 11. Be3 b6 12. Qd2 Bg4 13. Be2 Nf6 14. Rfd1 Ne4 15. Qc2 Rc8 16. Bf4 f6 17. Nbd2 Bf5 18. Qa4 e5 19. dxe5 Nc5 20. Qa3 fxe5 21. Bg5 Qc7 22. Nf1 Be6 23. Ne3 Qf7 24. Rac1 e4 25. Nd4 Nxd4 26. cxd4 Qxf2+ 27. Kh1 Qxe2 28. dxc5 Bxb2 29. Qxa7 Bxc1 30. Rxc1 Rxc5 31. Rg1 Qb5 32. Bh6 Rf7 33. Qb8+ Rc8 34. Qe5 Qd7 35. h3 d4 36. Rd1 d3 37. Qxe4 d2 38. Rxd2 Qxd2 39. Qxe6 Qd7 40. Qb3 Qd6 41. Qb2 Qc5 42. Ng4 Rf1+ 43. Kh2 Qc7+ 44. Qe5 Rf5 45. Qxc7 Rxc7 46. Ne3 Ra5 47. Bf4 Rf7 48. Kg3 Rxa2 49. Nc4 Rxf4 50. Nxb6 Rff2 51. Kh4 Rxg2 52. Nc4 g5+ 53. Kh5 Ra4 54. h4 Rxc4 55. hxg5 Rh2# 0-1

[Event "FIDE World School-ch O-11 2025"]
[Site "Vrnjacka Banja"]
[Date "2025.03.25"]
[Round "6.1"]
[White "Larion, Iustin"]
[Black "Ivanovic, Leonid"]
[Result "1-0"]
[Annotator "NA RC"]
[ECO "B22"]
[WhiteElo "1919"]
[BlackElo "2015"]
[PlyCount "111"]
[EventDate "2025.03.19"]
[EventType "swiss"]
[EventCountry "SRB"]
[SourceTitle "playchess.com"]
[Source "ChessBase"]
[SourceQuality "1"]
[TimeControl "5400+30"]

1. e4 c5 2. c3 d5 3. exd5 Qxd5 4. Nf3 Nf6 5. d4 Bg4 6. Be2 e6 7. Be3 cxd4 8. cxd4 Bb4+ 9. Nc3 O-O 10. O-O Qd6 11. a3 Bxc3 12. bxc3 Nd5 13. Qb3 Nc6 14. c4 Nxe3 15. fxe3 b6 16. Rfd1 e5 17. dxe5 Qe7 18. h3 Bh5 19. Qc3 Rac8 20. Rd5 Bxf3 21. gxf3 Qh4 22. Kg2 f6 23. e6 Rce8 24. c5 Rxe6 25. Qc4 Qxc4 26. Bxc4 Kh8 27. Rd6 Rxd6 28. cxd6 Rd8 29. Rd1 g6 30. f4 f5 31. Bb5 Na5 32. Rd5 Kg7 33. d7 a6 34. Bxa6 Nc6 35. Rd6 Na7 36. Rxb6 Rxd7 37. Rb7 Rxb7 38. Bxb7 Kf6 39. a4 Ke6 40. Kf3 Kd6 41. h4 Ke6 42. Ke2 Kd6 43. Kd3 Kc5 44. Kc3 h6 45. Kb3 Kb6 46. Bd5 Nc8 47. Bf7 Ne7 48. Kc4 h5 49. Be8 g5 50. fxg5 f4 51. exf4 Nf5 52. Bxh5 Nxh4 53. Kd5 Ng2 54. Ke5 Nh4 55. g6 Nxg6+ 56. Bxg6 1-0

[Event "FIDE World School-ch O-11 2025"]
[Site "Vrnjacka Banja"]
[Date "2025.03.25"]
[Round "6.2"]
[White "Uzdemir, Ali Poyraz"]
[Black "Zhauynbay, Alimzhan"]
[Result "0-1"]
[Annotator "NA RC"]
[ECO "B33"]
[WhiteElo "2184"]
[BlackElo "1927"]
[PlyCount "84"]
[EventDate "2025.03.19"]
[EventType "swiss"]
[EventCountry "SRB"]
[SourceTitle "playchess.com"]
[Source "ChessBase"]
[SourceQuality "1"]
[TimeControl "5400+30"]

1. e4 c5 2. Nf3 Nc6 3. d4 cxd4 4. Nxd4 Nf6 5. Nc3 e5 6. Ndb5 d6 7. Bg5 a6 8. Na3 b5 9. Nd5 Be7 10. Bxf6 Bxf6 11. c4 b4 12. Nc2 a5 13. Qf3 Be7 14. Rd1 O-O 15. c5 Be6 16. Nxe7+ Qxe7 17. cxd6 Qb7 18. Qd3 b3 19. axb3 Bxb3 20. Qb5 Qxb5 21. Bxb5 Na7 22. Bd3 Rad8 23. Rd2 Rxd6 24. Ne3 Rfd8 25. Ke2 Nc6 26. Rc1 Nb4 27. Rc3 a4 28. g3 Kf8 29. f4 f6 30. fxe5 fxe5 31. g4 g5 32. h3 h6 33. Nf5 Rxd3 34. Rdxd3 Nxd3 35. Rc6 Nxb2 36. Rf6+ Ke8 37. Rxh6 a3 38. Rh8+ Kd7 39. Rh7+ Kc6 40. Rh6+ Kc5 41. Ne3 a2 42. Ra6 Na4 0-1

[Event "FIDE World School-ch O-11 2025"]
[Site "Vrnjacka Banja"]
[Date "2025.03.25"]
[Round "6.3"]
[White "Jumanazarov, Ibrohim"]
[Black "Tulegen, Ramazan"]
[Result "1/2-1/2"]
[Annotator "NA RC"]
[ECO "E68"]
[WhiteElo "1869"]
[BlackElo "1973"]
[PlyCount "97"]
[EventDate "2025.03.19"]
[EventType "swiss"]
[EventCountry "SRB"]
[SourceTitle "playchess.com"]
[Source "ChessBase"]
[SourceQuality "1"]
[TimeControl "5400+30"]

1. d4 Nf6 2. c4 g6 3. Nf3 Bg7 4. g3 O-O 5. Bg2 d6 6. Nc3 c6 7. O-O Qc7 8. e4 Nbd7 9. Re1 e5 10. dxe5 dxe5 11. Qe2 Nc5 12. b3 Rd8 13. Bg5 Ne6 14. Rad1 Nxg5 15. Nxg5 h6 16. Rxd8+ Qxd8 17. Nf3 Bg4 18. Rd1 Qc7 19. Qd3 Bf8 20. h3 Bxf3 21. Qxf3 Kg7 22. Rd3 Bb4 23. Nd1 Nd7 24. Ne3 Nc5 25. Rd1 Ne6 26. Nc2 Bc5 27. Qd3 a5 28. Qc3 Nd4 29. Nxd4 Bxd4 30. Qc2 Qb6 31. a4 Qc5 32. Qe2 Rb8 33. Bf1 Rd8 34. Kg2 Rd6 35. Rd3 Qb6 36. Qc2 Rf6 37. Rf3 Rxf3 38. Kxf3 Kf6 39. Kg2 Ke7 40. Bd3 Kd6 41. Kf3 Qb4 42. Kg2 Kc5 43. Qd1 Qc3 44. Bc2 Kb4 45. Qe2 Bc5 46. Bd1 Bd4 47. Kf1 Ka3 48. Qf3 Qb2 49. Qe2 1/2-1/2

[Event "FIDE World School-ch O-11 2025"]
[Site "Vrnjacka Banja"]
[Date "2025.03.25"]
[Round "6.4"]
[White "Zabelin, Platon"]
[Black "Bai, Moxuan"]
[Result "1/2-1/2"]
[Annotator "NA RC"]
[ECO "E39"]
[WhiteElo "1831"]
[BlackElo "1726"]
[PlyCount "106"]
[EventDate "2025.03.19"]
[EventType "swiss"]
[EventCountry "SRB"]
[SourceTitle "playchess.com"]
[Source "ChessBase"]
[SourceQuality "1"]
[TimeControl "5400+30"]

1. d4 Nf6 2. c4 e6 3. Nc3 Bb4 4. Qc2 c5 5. dxc5 O-O 6. Nf3 Na6 7. a3 Bxc3+ 8. Qxc3 Nxc5 9. g3 b6 10. Bg2 Bb7 11. O-O Rc8 12. b3 d5 13. Rd1 Qe7 14. Bf4 Nce4 15. Qb4 Qxb4 16. axb4 a6 17. Ne5 Rfd8 18. Be3 b5 19. c5 Kf8 20. Bd4 Nd7 21. Nxd7+ Rxd7 22. Bxe4 dxe4 23. Bxg7+ Ke8 24. Rxd7 Kxd7 25. Rd1+ Ke8 26. Rd6 Rc6 27. Rd4 Rc7 28. Be5 Rd7 29. Bd6 f5 30. Rd1 Bd5 31. Rc1 Bc6 32. h3 h5 33. Kh2 Kd8 34. Rg1 Bd5 35. Ra1 Bb7 36. Rc1 Bc6 37. Rc3 Kc8 38. g4 hxg4 39. hxg4 Rh7+ 40. Rh3 Rxh3+ 41. Kxh3 fxg4+ 42. Kxg4 Bd5 43. Kf4 Kd7 44. Ke5 Bc6 45. Bb8 Bd5 46. Kd4 Kc8 47. Bf4 Kd7 48. Bd2 Kc6 49. Ke3 Kd7 50. Bc3 Kc6 51. Kf4 Kd7 52. Ke5 Kc6 53. Bd2 Kd7 1/2-1/2